 Dungeon Crawl Stone Soup version 0.28-a0-114-g2bf3c13a2f (webtiles) character file.

Game seed: 1492179579039303182

202 Rennog the Skirmisher (level 5, 0/39 HPs)
             Began as an Octopode Fighter on Aug 13, 2021.
             Slain by a hound (3 damage)
             ... on level 4 of the Dungeon.
             The game lasted 00:03:41 (2891 turns).

Rennog the Skirmisher (Octopode Fighter)            Turns: 2891, Time: 00:03:42

Health: 0/39       AC:  1    Str: 15    XL:     5   Next: 80%
Magic:  5/5        EV: 11    Int: 11    God:
Gold:   111        SH:  8    Dex: 12    Spells: 4/4 levels left

rFire   . . .      SeeInvis .   a - +0 flail
rCold   . . .      Faith    .   b - +0 kite shield
rNeg    . . .      Spirit   .   (helmet restricted)
rPois   .          Reflect  .   (no amulet)
rElec   .          Harm     .   (no ring)
rCorr   .          Rampage  .   (no ring)
Will    .....                   (no ring)
Stlth   +++.......              (no ring)
HPRegen 0.13/turn               (no ring)
MPRegen 0.09/turn               (no ring)
                                (no ring)
                                (no ring)

@: mighty
A: almost no armour, amphibious, 8 rings, camouflage 1, gelatinous body 1,
(nimble swimmer 1), tentacles
a: no special abilities


You were on level 4 of the Dungeon.
You visited 1 branch of the dungeon, and saw 4 of its levels.

You collected 111 gold pieces.

Inventory:

Hand Weapons
 a - a +0 flail (weapon)
Armour
 b - a +0 kite shield (worn)
Scrolls
 d - 2 scrolls of amnesia {unknown}
 e - a scroll of identify {unknown}
 g - a scroll of enchant weapon {unknown}
 h - a scroll of teleportation {unknown}
 i - a scroll of fog {unknown}
Potions
 f - a potion of lignification {unknown}


   Skills:
 * Level 5.4 Fighting
 - Level 2.0 Maces & Flails
 - Level 3.0 Dodging
 + Level 4.1 Stealth
 - Level 3.0 Shields


You had 4 spell levels left.
You didn't know any spells.
Your spell library contained the following spells:

 Spells                   Type           Power      Damage    Failure   Level
 Gell's Gravitas          Tloc           0%         N/A       99%         3
 Ozocubu's Armour         Ice            0%         N/A       99%         3
 Teleport Other           Tloc           0%         N/A       99%         3
 Olgreb's Toxic Radiance  Pois           0%         N/A       100%        4
 Dispersal                Tloc           0%         N/A       100%        6
 Ozocubu's Refrigeration  Ice            0%         4d5       100%        7
 Ignition                 Fire           0%         3d3       100%        8


Dungeon Overview and Level Annotations

Branches:
Dungeon (4/15)
 Temple: D:4-7

Altars:
Makhleb


Innate Abilities, Weirdness & Mutations

You cannot wear most types of armour.
You are amphibious.
You can wear up to eight rings at the same time.
Your skin changes colour to match your surroundings (Stealth+).
Your rubbery body absorbs attacks. (AC +1, EV +1)
((You are camouflaged near water. (Stealth+)))
You have tentacles for arms and can constrict up to eight enemies at once.


Message History

The hound barks!
The orc shouts!
An orc comes into view. It is wielding a +0 club. x2
The orc shouts!
The jackal barks!
A ball python comes into view.
The orc shouts! x2
You hit the jackal but do no damage. You grab the jackal.
You squeeze the jackal.
You kill the jackal!
The hound bites you.
You barely miss the hound. Your grab misses the hound.
The hound barely misses you. The hound bites you.
You barely miss the hound. Your grab misses the hound.
Your squeeze misses the hound. The hound bites you. x2
You barely miss the hound. Your grab misses the hound.
The hound closely misses you. The hound bites you.
The orc hits you with a +0 dagger. The hound closely misses you.
You are too injured to fight recklessly!
You are too injured to fight recklessly!
You are too injured to fight recklessly!
You are too injured to fight recklessly!
You are too injured to fight recklessly!
You are too injured to fight recklessly!
You see here a jackal corpse.
The hound bites you.
Found a robe.
The hound bites you.
* * * LOW HITPOINT WARNING * * *
You feel very mighty all of a sudden. The hound bites you.
* * * LOW HITPOINT WARNING * * *
Your shield prevents you from hitting the hound.
You grab the hound. You constrict the hound. The hound closely misses you.
The hound bites you.
* * * LOW HITPOINT WARNING * * *
You block the hound's attack.
You hit the hound.
The hound is heavily wounded.
You constrict the hound. The hound closely misses you.
You block the orc's attack. The hound bites you.
You die...

.# ###.# ##
#.....#####.## ###
......#...#..###.## ..#
.........##oo.###
.####.....##.Soh@...#
.....##...#..†o##...#
....####.....###...[#
............Z.oS....#
>...........o.o......#
...............Z.....#
...........#..........
....#..................
....#...............


You could see a hound, 4 orcs and a ball python.

Vanquished Creatures
  A hound (D:4)
  Terence (D:2)
  An orc wizard (D:3)
  4 adders
  3 worms
  2 dart slugs
  4 orcs
  5 endoplasms
  A giant cockroach (D:1)
  6 goblins
  4 hobgoblins
  8 jackals
  5 kobolds
  5 quokkas
  5 ball pythons
  5 bats
  3 frilled lizards
  6 rats
69 creatures vanquished.

Notes
Turn   | Place    | Note
-------+----------+-------------------------------------------
     0 | D:1      | Rennog the Octopode Fighter began the quest for the Orb.
     0 | D:1      | Reached XP level 1. HP: 16/16 MP: 1/1
   133 | D:1      | Reached skill level 1 in Stealth
   148 | D:1      | Reached XP level 2. HP: 16/21 MP: 2/2
   901 | D:2      | Reached XP level 3. HP: 18/27 MP: 3/3
  1137 | D:2      | Reached skill level 4 in Fighting
  1642 | D:2      | Reached XP level 4. HP: 30/33 MP: 4/4
  1783 | D:2      | Noticed Terence
  1791 | D:2      | Killed Terence
  1842 | D:2      | Found a faded altar of an unknown god.
  2074 | D:3      | Found a burning altar of Makhleb.
  2217 | D:3      | Reached XP level 5. HP: 38/38 MP: 5/5
  2221 | D:3      | Reached skill level 5 in Fighting
  2891 | D:4      | Slain by a hound

Illustrated notes

Levels and vault maps discovered:
D:1:      kennysheep_arrival_seaside, layout_basic
D:2:      layout_loops_ring, hellmonk_ecumenical_altar_inner_sanctum,
          grunt_ministairs_8, uniq_terence
D:3:      layout_basic, nicolae_overflow_crystal_walls, hex_large
D:4:      layout_cave_pools, lightli_sewer_entry_pipes

Skill      XL: |  1  2  3  4  5 |
---------------+----------------+-----
Stealth        | 1 2 3 4 |  4.1
Fighting       | 4 5 |  5.4
Maces & Flails | |  2.0
Dodging        | |  3.0
Shields        | |  3.0

Action                   |  1- 3 |  4- 6 || total
-------------------------+-------+-------++-------
Melee: Flail             |    63 |    65 ||   128
       Constrict         |    13 |    14 ||    27
       Tentacles         |     8 |    15 ||    23
  Use: Potion            |       |     1 ||     1
 Stab: Sleeping          |    12 |    15 ||    27
Armor: Skin              |     3 |     3 ||     6
Dodge: Dodged            |    22 |    28 ||    50
Block: Kite shield       |    20 |    22 ||    42

Table legend: (Time is in decaauts)
 A = Elapsed time spent in this place.
 B = Non-inter-level travel time spent in this place.
 C = Inter-level travel time spent in this place.
 D = Time resting spent in this place.
 E = Time spent auto-exploring this place.
 F = Levels seen in this place.
 G = Mean time per level.
                   A        B        C        D        E       F      G
               +--------+--------+--------+--------+--------+-----+--------+
         Total |   2958 |   2850 |    108 |      0 |   2396 |   4 |  739.5 |
       Dungeon |   2958 |   2850 |    108 |      0 |   2396 |   4 |  739.5 |
               +--------+--------+--------+--------+--------+-----+--------+

Top non-repeatable levels by time:
     D:2: 1207 daAuts
     D:1: 902 daAuts
     D:3: 648 daAuts
     D:4: 200 daAuts
